 Dungeon Crawl Stone Soup version 0.27.1-2-g3b301248ec (webtiles) character file.

Game seed: 10505753155056913804

1638 Kinoniko the Cleaver (level 8, -2/62 HPs)
             Began as a Demonspawn Berserker on Oct 5, 2021.
             Was an Elder of Trog.
             Slain by a wight (12 damage)
             ... on level 6 of the Dungeon.
             The game lasted 00:06:05 (4645 turns).

Kinoniko the Cleaver (Demonspawn Berserker)         Turns: 4645, Time: 00:06:05

Health: -2/62      AC: 15    Str: 20    XL:     8   Next: 66%
Magic:  8/8        EV:  8    Int:  9    God:    Trog [****..]
Gold:   269        SH:  0    Dex: 12    Spells: 7/7 levels left

rFire    . . .     SeeInvis .   p - +0 hand axe (venom)
rCold    . . .     Faith    +   (no shield)
rNeg     . . .     Spirit   .   o - +2 chain mail {Will+}
rPois    .         Reflect  .   (helmet restricted)
rElec    .         Harm     .   (no cloak)
rCorr    .         Rampage  .   c - +2 pair of gloves
Will     +....                  (no boots)
Stlth    ..........             a - amulet of faith
HPRegen  0.20/turn              f - ring of flight
MPRegen  0.11/turn              (no ring)

@: flying, very slightly contaminated, invisible
A: antennae 2, slimy green scales 1, powered by death 2, spiny 1
a: Renounce Religion, Berserk, Trog's Hand, Brothers in Arms


You were on level 6 of the Dungeon.
You worshipped Trog.
Trog was greatly pleased with you.
You visited 1 branch of the dungeon, and saw 6 of its levels.

You collected 269 gold pieces.

Inventory:

Hand Weapons
 h - a +0 war axe
 p - a +0 hand axe of venom (weapon)
Armour
 c - a +2 pair of gloves (worn)
 o - a +2 chain mail of willpower (worn)
Jewellery
 a - an amulet of faith (around neck)
 f - a ring of flight (left hand)
Wands
 d - a wand of iceblast (8)
Scrolls
 k - a scroll of magic mapping
 n - a scroll of holy word
Potions
 b - a potion of brilliance {unknown}
 g - a potion of mutation {unknown}
 i - 2 potions of lignification
 j - a potion of ambrosia {unknown}
 l - a potion of invisibility
 q - 2 potions of might {unknown}
 r - a potion of heal wounds {unknown}


   Skills:
 + Level 5.1 Fighting
 * Level 9.7 Axes
 - Level 1.7 Armour
 - Level 1.7 Dodging


You had 7 spell levels left.
You didn't know any spells.
Your spell library contained the following spells:

 Spells                   Type           Power      Damage    Failure   Level
 Blink                    Tloc           N/A        N/A       100%        2
 Passwall                 Tmut/Erth      0%         N/A       100%        2
 Dazzling Flash           Conj/Hex       0%         N/A       100%        3
 Lesser Beckoning         Tloc           0%         N/A       100%        3
 Swiftness                Air            0%         N/A       100%        3
 Agony                    Necr           0%         N/A       100%        5
 Manifold Assault         Tloc           0%         N/A       100%        5
 Silence                  Hex/Air        0%         N/A       100%        5
 Invisibility             Hex            0%         N/A       100%        6


Dungeon Overview and Level Annotations

Branches:
Dungeon (6/15)             Temple (0/1) D:5

Altars:

Shops:
D:4 (:   D:6 *


Innate Abilities, Weirdness & Mutations

You have a pair of antennae on your head.
You are partially covered in slimy green scales. (AC +2)
You regenerate health from kills.
You are partially covered in sharp spines.


Message History

Unknown command.
You fail to use your ability.
The orc wizard is struck by your spines.
The orc wizard hits you but does no damage.
You are electrocuted!
Unknown command.
You fail to use your ability.
The orc wizard hits you but does no damage.
You are electrocuted!!
* * * LOW HITPOINT WARNING * * *
The orc closely misses you. The wight barely misses you.
Unknown command.
As you read the scroll labelled TOS DAKIESURRUMM, it crumbles to dust.
The creatures around you are filled with an inner flame!
It was a scroll of immolation.
The orc wizard misses you. The orc closely misses you.
The wight barely misses you.
The wight hits you with a +3 dire flail.
* * * LOW HITPOINT WARNING * * *
Unknown command.
Unknown command.
You feel better. The orc barely misses you.
The wight hits you but does no damage.
You feel better. The orc wizard barely misses you. The iguana bites you!
* * * LOW HITPOINT WARNING * * *
The orc barely misses you. The wight hits you but does no damage.
It was a potion of invisibility.
You fade into invisibility!
The wight hits you with a +1 falchion!
* * * LOW HITPOINT WARNING * * *
The orc wizard points at you and mumbles some strange words.
The puff of flame misses you.
The puff of flame hits the wight!
Flame seeps out of the wight.
The iguana bites you but does no damage.
The orc barely misses you.
You are very lightly contaminated with residual magic.
You feel better. The wight barely misses you. The orc wizard barely misses you.
The iguana hisses menacingly.
The iguana barely misses you. The orc barely misses you.
The wight hits you with a +3 falchion!
You die...

)........#...........
...##....#........##..
....#............###..
.##........##.........
###...........##.....
##.......>.#####.###
#................####.#
.#..............o.......
................@zo.....
.#.##.(........lzzz.....
####............oz......
........................
....#.#.....#...........
...?###..####..#.##.#...
.....##...##...#.# .....
#...####.......... .....
#................


You could see an iguana (inner flame), 5 wights, an orc wizard (inner flame) and
2 orcs.

Vanquished Creatures
  Edmund (D:4)
  An orc warrior (D:6)
  5 ogres
  A centaur (D:6)
  2 phantoms
  A bullfrog (D:6)
  A wyvern zombie (D:6)
  A water moccasin zombie (D:6)
  A bullfrog zombie (D:5)
  2 hounds (D:4)
  3 orc priests
  A jelly (D:5)
  2 iguanas
  A bullfrog skeleton (D:4)
  A gnoll shaman (D:6)
  2 orc wizards
  12 gnolls
  2 adders (D:2)
  An adder skeleton (D:4)
  A worm (D:2)
  2 dart slugs
  16 orcs
  2 bats
  3 endoplasms
  A giant cockroach (D:4)
  6 goblins
  8 hobgoblins
  2 jackals (D:1)
  A quokka (D:5)
  3 ball pythons
  5 frilled lizards
  9 kobolds
  7 rats
107 creatures vanquished.

Notes
Turn   | Place    | Note
-------+----------+-------------------------------------------
     0 | D:1      | Kinoniko the Demonspawn Berserker began the quest for the
                  | Orb.
     0 | D:1      | Reached XP level 1. HP: 18/18 MP: 1/1
   251 | D:1      | Reached skill level 3 in Axes
   351 | D:1      | Found a faded altar of an unknown god.
   377 | D:1      | Gained mutation: You regenerate a little health from kills.
                  | [demonic ancestry]
   377 | D:1      | Reached XP level 2. HP: 17/24 MP: 2/2
  1034 | D:2      | Gained mutation: You regenerate health from kills. [demonic
                  | ancestry]
  1034 | D:2      | Reached XP level 3. HP: 18/29 MP: 3/3
  1194 | D:2      | Reached skill level 4 in Axes
  1392 | D:2      | Reached ** piety under Trog
  1820 | D:3      | Gained mutation: You have a pair of small antennae on your
                  | head. [demonic ancestry]
  1820 | D:3      | Reached XP level 4. HP: 35/35 MP: 4/4
  1867 | D:3      | Identified a scroll of acquirement
  1867 | D:3      | Acquired an amulet of faith
  2249 | D:3      | Reached skill level 5 in Axes
  2715 | D:4      | Found Oroempi's Book Boutique.
  2727 | D:4      | Gained mutation: You are partially covered in slimy green
                  | scales. (AC +2) [demonic ancestry]
  2727 | D:4      | Reached XP level 5. HP: 32/41 MP: 5/5
  2812 | D:4      | Noticed an ogre
  2821 | D:4      | Killed an ogre
  2822 | D:4      | Reached skill level 6 in Axes
  2904 | D:4      | Gained mutation: You have a pair of antennae on your head.
                  | [demonic ancestry]
  2904 | D:4      | Reached XP level 6. HP: 30/47 MP: 6/6
  3014 | D:4      | Noticed Edmund
  3027 | D:4      | Killed Edmund
  3028 | D:4      | Reached skill level 7 in Axes
  3139 | D:4      | Reached *** piety under Trog
  3250 | D:4      | Found Fenuax's Weapon Shoppe.
  3272 | D:4      | Reached XP level 7. HP: 52/52 MP: 7/7
  3548 | D:5      | Entered Level 5 of the Dungeon
  3643 | D:5      | Reached skill level 8 in Axes
  3821 | D:5      | Found a staircase to the Ecumenical Temple.
  4225 | D:6      | Gained mutation: You are partially covered in sharp spines.
                  | [demonic ancestry]
  4225 | D:6      | Reached XP level 8. HP: 30/60 MP: 8/8
  4433 | D:6      | Reached skill level 9 in Axes
  4536 | D:6      | Reached skill level 5 in Fighting
  4536 | D:6      | Reached **** piety under Trog
  4597 | D:6      | Found Simiogeob's Elemental Accessories.
  4641 | D:6      | HP: 3/62 [wight (6)]
  4645 | D:6      | Slain by a wight

Illustrated notes

Levels and vault maps discovered:
D:1:      eino_arrival_tree_alley, layout_basic, ebering_ecumenical_altar_hall
D:2:      layout_loops_corners
D:3:      layout_loops_ring
D:4:      layout_gridville, serial_shops, shop, nicolae_stop_n_shop_1,
          uniq_edmund
D:5:      layout_cave_pools, minmay_temple_entry_overgrown,
          minmay_misc_feat_pillars, minmay_misc_feat_tiny
D:6:      layout_cave_pools, slow_altar_1, ebering_ghost_reflecting_pool,
          nicolae_elemental_shop

Skill      XL: |  1  2  3  4  5  6  7  8 |
---------------+-------------------------+-----
Axes           | 3 4 5 6 7 8 9 |  9.7
Fighting       | 5 |  5.1
Armour         | |  1.7
Dodging        | |  1.7

Action                   |  1- 3 |  4- 6 |  7- 9 || total
-------------------------+-------+-------+-------++-------
Melee: Hand axe          |   108 |    94 |   141 ||   343
Invok: Berserk           |     1 |     4 |     5 ||    10
  Use: Scroll            |       |    12 |     4 ||    16
       Potion            |       |       |     4 ||     4
 Stab: Distracted        |       |       |     1 ||     1
Armor: Scale mail        |    39 |    29 |       ||    68
       Animal skin       |     1 |       |       ||     1
       Chain mail        |       |    13 |    66 ||    79
Dodge: Dodged            |    49 |    42 |    69 ||   160
